 Dungeon Crawl Stone Soup version 0.30-a0-723-gc1506a1cf0 (webtiles) character file.

Game seed: 16860340029945367568

81 timneilson the Covered (level 4, -1/28 HPs)
             Began as a Gargoyle Fighter on Jan 28, 2023.
             Killed by divine providence
             ... invoked by an orc priest
              (14 damage)
             ... on level 3 of the Dungeon.
             The game lasted 00:02:33 (1449 turns).

timneilson the Covered (Gargoyle Fighter)           Turns: 1449, Time: 00:02:33

Health: -1/28      AC: 15    Str: 28    XL:     4   Next: 40%
Magic:  4/4        EV:  8    Int:  8    God:
Gold:   103        SH:  4    Dex:  9    Spells: 3/3 levels left

rFire   . . .      SeeInvis .    a - +1 long sword
rCold   . . .      Faith    .    c - +0 buckler
rNeg    + . .      Spirit   .    l - +0 chain mail
rPois   ∞          Reflect  .    i - +0 helmet
rElec   +          Harm     .    (no cloak)
rCorr   .          Rampage  .    h - +0 pair of gloves
Will    .....                    (no boots) Stlth
                                 (no amulet)
HPRegen 0.24/turn                j - +6 ring of strength
MPRegen 0.09/turn                (no ring)

@: no status effects
A: sickness immunity, AC +3, negative energy resistance 1, electricity
resistance, torment resistance 1, petrification resistance
a: no special abilities


You were on level 3 of the Dungeon.
You visited 1 branch of the dungeon, and saw 3 of its levels.

You collected 103 gold pieces.

Inventory:

Hand Weapons
 a - a +1 long sword (weapon)
Armour
 b - +0 ice dragon scales
 c - a +0 buckler (worn)
 h - a +0 pair of gloves (worn)
 i - a +0 helmet (worn)
 l - a +0 chain mail (worn)
Jewellery
 j - a +6 ring of strength (left hand)
 p - a ring of ice
Scrolls
 m - a scroll of teleportation
 n - 2 scrolls of poison
Potions
 d - a potion of might
 e - a potion of cancellation
 f - a potion of lignification
 g - a potion of resistance {unknown}
 k - 2 potions of ambrosia {unknown}
 o - a potion of mutation {unknown}
 q - a potion of brilliance {unknown}


   Skills:
 + Level 3.5 Fighting
 * Level 2.6 Long Blades
 * Level 4.0 Armour
 + Level 0.7 Dodging
 * Level 3.9 Shields


You had 3 spell levels left.
You didn't know any spells.
Your spell library was empty.

Dungeon Overview and Level Annotations

Branches:
Dungeon (3/15)

Altars:


Innate Abilities, Weirdness & Mutations

You are immune to sickness and miasma.
Your stone body is resilient. (AC +3)
You are immune to poison.
You resist negative energy. (rN+)
You are resistant to electric shocks. (rElec)
You are resistant to unholy torment.
You are immune to petrification.


Message History

The orc moves out of view.
An orc comes into view. It is wielding a +0 club.
The orc shouts! x2; You hear a shout!
The orc barely misses you.
You slash the orc!
You kill the orc!
The orc throws a boomerang.
The boomerang barely misses you.
A goblin comes into view. It is wielding a +0 club.
You hit the orc priest.
The orc priest is lightly wounded.
The orc priest hits you but does no damage.
You slash the orc priest!
The orc priest is heavily wounded.
You block the orc priest's attack.
You closely miss the orc priest.
The orc priest is heavily wounded.
A quokka comes into view.
You block the orc's attack. The orc barely misses you.
The orc priest hits you but does no damage.
The iguana bites you.
You barely miss the orc priest.
The orc priest is heavily wounded.
The orc hits you with a +0 flail. The orc hits you with a +0 morningstar.
The orc priest looks satisfied for a moment.
You block the iguana's attack.
You hit the orc priest.
The orc priest is heavily wounded.
The orc barely misses you.
The iguana bites you but does no damage.
The orc priest closely misses you. The orc barely misses you.
You barely miss the orc priest.
The orc priest is heavily wounded.
The orc hits you but does no damage. The orc hits you with a +0 morningstar!
You block the iguana's attack.
The orc priest hits you but does no damage.
The orc barely misses you.
The orc priest invokes the aid of Beogh against you.
Beogh smites you!
Ouch! That really hurt!
You die...

. .......... #.
...#).... .#
.......#
...........#
#.#.#..#...
#.#..ogr. #.#.#oo###
#.#.#@o..#
#.#.#l##.#### #
#.#####.#.#......(.
.
#..................
.
#######.#..........
. #.###+####l..
.###########........
..
....................
.
#.......####........


You could see an iguana, an orc priest, 3 orcs, a quokka and a goblin.

Vanquished Creatures
  Terence (D:2)
  An adder (D:2)
  An orc (D:3)
  4 bats
  5 endoplasms
  3 giant cockroaches
  A goblin (D:2)
  8 hobgoblins
  3 quokkas
  3 ball pythons
  3 frilled lizards
  5 kobolds
  3 rats
41 creatures vanquished.

Notes
Turn   | Place    | Note
-------+----------+-------------------------------------------
     0 | D:1      | timneilson the Gargoyle Fighter began the quest for the
                  | Orb.
     0 | D:1      | Reached XP level 1. HP: 14/14 MP: 1/1
    87 | D:1      | Reached XP level 2. HP: 19/19 MP: 2/2
   477 | D:1      | Reached XP level 3. HP: 23/23 MP: 3/3
  1144 | D:2      | Noticed Terence
  1158 | D:2      | Killed Terence
  1159 | D:2      | Reached skill level 4 in Armour
  1159 | D:2      | Reached XP level 4. HP: 23/28 MP: 4/4
  1449 | D:3      | Killed from afar by an orc priest

Illustrated notes

Levels and vault maps discovered:
D:1:      eino_arrival_druids_welcome, layout_basic
D:2:      layout_loops_ring, uniq_terence
D:3:      layout_basic, serial_shops, nicolae_shop_hallway_plus,
          chequers_ecumenical_altar_simple_redux

Skill      XL: |  1  2  3 |
---------------+----------+-----
Long Blades    | 2 |  2.6
Armour         | 4 |  4.0
Fighting       | |  3.5
Dodging        | |  0.7
Shields        | |  3.9

Action                     |  1- 3 |  4- 6 || total
---------------------------+-------+-------++-------
  Melee: Long sword        |   154 |    16 ||   170
    Use: Scroll            |     7 |     1 ||     8
 Armour: Scale mail        |    77 |       ||    77
         Chain mail        |    15 |    11 ||    26
  Dodge: Dodged            |    87 |    11 ||    98
  Block: Buckler           |    33 |     5 ||    38

Table legend: (Time is in decaauts)
 A = Elapsed time spent in this place.
 B = Non-inter-level travel time spent in this place.
 C = Inter-level travel time spent in this place.
 D = Time resting spent in this place.
 E = Time spent auto-exploring this place.
 F = Levels seen in this place.
 G = Mean time per level.
                   A        B        C        D        E       F      G
               +--------+--------+--------+--------+--------+-----+--------+
         Total |   1504 |   1400 |    104 |      0 |    958 |   3 |  501.3 |
       Dungeon |   1504 |   1400 |    104 |      0 |    958 |   3 |  501.3 |
               +--------+--------+--------+--------+--------+-----+--------+

Top non-repeatable levels by time:
     D:2: 856 daAuts
     D:1: 582 daAuts
     D:3: 65 daAuts
